 Dungeon Crawl Stone Soup version 0.28.0-53-g5a82cb258f (webtiles) character file.

Game seed: 1168311275391994176

50 DildoBatman the Conjurer (level 4, -1/32 HPs)
             Began as a Formicid Conjurer on July 15, 2022.
             Slain by a scorpion (4 damage)
             ... on level 4 of the Dungeon.
             The game lasted 00:02:18 (932 turns).

DildoBatman the Conjurer (Formicid Conjurer)         Turns: 932, Time: 00:02:18

Health: -1/32      AC:  3    Str: 12    XL:     4   Next: 4%
Magic:  6/8        EV: 12    Int: 17    God:
Gold:   16         SH:  0    Dex: 11    Spells: 5/8 levels left

rFire   + . .      SeeInvis +   a - +0 hunting sling
rCold   + . .      Faith    .   (no shield)
rNeg    . . .      Spirit   .   d - +0 robe
rPois   .          Reflect  .   (helmet unavailable)
rElec   .          Harm     .   k - scarf {rC+ rF+}
rCorr   .          Rampage  .   h - +0 pair of gloves
Will    .....                   (no boots)
Stlth   ++........              (no amulet)
HPRegen 0.10/turn               (no ring)
MPRegen 0.11/turn               (no ring)

@: no status effects
A: permanent stasis, dig shafts and tunnels, antennae 3, four strong arms
a: Dig, Shaft Self


You were on level 4 of the Dungeon.
You visited 1 branch of the dungeon, and saw 3 of its levels.

You collected 16 gold pieces.

Inventory:

Hand Weapons
 a - a +0 hunting sling (weapon)
 c - a +0 whip
 e - a +0 short sword
Missiles
 b - 17 arrows
 i - 50 stones (quivered ammo)
Armour
 d - a +0 robe (worn)
 h - a +0 pair of gloves (worn)
 k - a scarf of resistance (worn)
Scrolls
 g - 2 scrolls of fear {unknown}
Potions
 f - 2 potions of ambrosia {unknown}
 j - a potion of resistance {unknown}


   Skills:
 * Level 1.4 Fighting
 * Level 1.4 Armour
 - Level 2.0 Dodging
 - Level 2.4 Stealth
 * Level 2.7 Spellcasting
 * Level 3.9 Conjurations


You had 5 spell levels left.
You knew the following spells:

 Your Spells              Type           Power      Damage    Failure   Level
a - Searing Ray           Conj           30%        2d5       5%          2
c - Magic Dart            Conj           60%        1d6       3%          1

Your spell library contained the following spells:

 Spells                   Type           Power      Damage    Failure   Level
 Shock                    Conj/Air       36%        1d5       8%          1
 Sandblast                Erth           4%         2d4       19%         1
 Dazzling Flash           Conj/Hex       18%        N/A       24%         3
 Stone Arrow              Conj/Erth      18%        3d8       24%         3
 Passwall                 Tmut/Erth      1%         N/A       26%         2
 Fulminant Prism          Conj/Hex       4%         3d6       61%         4
 Iskenderun's Mystic Bla  Conj/Tloc      9%         2d4       61%         4
 Fireball                 Conj/Fire      4%         3d4       91%         5
 Lightning Bolt           Conj/Air       4%         1d16      91%         5
 Spellforged Servitor     Conj/Summ      4%         N/A       100%        7


Dungeon Overview and Level Annotations

Branches:
Dungeon (2/15)

Altars:


Innate Abilities, Weirdness & Mutations

You cannot be hasted, slowed, berserked, paralysed or teleported.
You can dig through walls and to a lower floor.
You have a pair of large antennae on your head. (SInv)
Your four strong arms can wield two-handed weapons with a shield.


Message History

You shout for attention!
The scorpion closely misses you.
The hobgoblin hits you but does no damage.
The goblin barely misses you. The hobgoblin barely misses you.
What are your orders? t - Shout!
Orders for allies: a - Attack new target. r - Retreat! s - Stop attacking. g - Guard the area. f - Follow me.
Anything else - Cancel.
You shout for attention!
The scorpion stings you! The hobgoblin barely misses you.
The goblin hits you with a +0 dagger of holy wrath.
The hobgoblin hits you. What are your orders? t - Shout!
Orders for allies: a - Attack new target. r - Retreat! s - Stop attacking. g - Guard the area. f - Follow me.
Anything else - Cancel.
You shout for attention!
The scorpion misses you. The hobgoblin barely misses you.
The hobgoblin hits you but does no damage.
The goblin barely misses you. What are your orders? t - Shout!
Orders for allies: a - Attack new target. r - Retreat! s - Stop attacking. g - Guard the area. f - Follow me.
Anything else - Cancel.
You shout for attention!
The scorpion barely misses you. The hobgoblin misses you.
The hobgoblin barely misses you. The goblin misses you.
The scorpion stings you.
You die...

.. .... .
... .###.
...
.....###..
# ....#..##
..#
......#....
#sgg......
#.@.......
#.g.......
......#....
....#..##
..#
.....###..
# .###. ...
. ..$ ..
....


You could see a scorpion, 2 hobgoblins and a goblin.

Vanquished Creatures
  An adder (D:2)
  2 dart slugs (D:1)
  2 ball pythons (D:1)
  4 bats (D:1)
  A giant cockroach (D:1)
  3 goblins (D:1)
  A hobgoblin (D:1)
  12 jackals (D:1)
  A frilled lizard (D:2)
  2 kobolds (D:1)
  4 rats (D:1)
33 creatures vanquished.

Notes
Turn   | Place    | Note
-------+----------+-------------------------------------------
     0 | D:1      | DildoBatman the Formicid Conjurer began the quest for the
                  | Orb.
     0 | D:1      | Reached XP level 1. HP: 13/13 MP: 3/3
     4 | D:1      | Found a faded altar of an unknown god.
   114 | D:1      | Reached XP level 2. HP: 8/20 MP: 1/5
   117 | D:1      | Learned a level 2 spell: Searing Ray
   220 | D:1      | Got the Grimoire of Excruciating Calling
   285 | D:1      | Reached skill level 1 in Fighting
   285 | D:1      | Reached skill level 1 in Armour
   285 | D:1      | Reached XP level 3. HP: 23/26 MP: 2/6
   912 | D:2      | Reached XP level 4. HP: 28/32 MP: 4/8
   914 | D:2      | You fall into a shaft and drop 2 floors!
   919 | D:4      | Noticed a scorpion
   932 | D:4      | Slain by a scorpion

Illustrated notes

Levels and vault maps discovered:
D:1:      mushboom_english_gardens, layout_loops_ring,
          ebering_ecumenical_altar_box, dk_noncrumbling_2, minmay_tetromino_o4
D:2:      layout_rooms, serial_shops, nicolae_shop_trees, serial_bayou_ford_a,
          minmay_cut_off
D:4:      nicolae_cairo_tiling_large_dashed, layout_loops_ring,
          elyvilon_altar_1, chequers_ossuary_entry_cave,
          kennysheep_generic_room_15

Skill      XL: |  1  2 |
---------------+-------+-----
Dodging        | 2 |  2.0
Fighting       | 1 |  1.4
Armour         | 1 |  1.4
Stealth        | |  2.4
Spellcasting   | |  2.7
Conjurations   | |  3.9

Action                   |  1- 3 |  4- 6 || total
-------------------------+-------+-------++-------
Melee: Whip              |     6 |       ||     6
       Short sword       |    14 |       ||    14
       Punch             |     1 |       ||     1
 Fire: Hunting sling     |    15 |       ||    15
 Cast: Magic Dart        |     4 |       ||     4
       Searing Ray       |     7 |       ||     7
 Abil: Shaft Self        |       |     1 ||     1
Armor: Robe              |    10 |    11 ||    21
Dodge: Dodged            |    24 |    31 ||    55
